 Dungeon Crawl Stone Soup version 0.27-a0-1595-g0b823d0a13 (webtiles) character file.

Game seed: 3820502610466776305

83 Zonian the Conjurer (level 4, 0/21 HPs)
             Began as a Vine Stalker Conjurer on July 21, 2021.
             Slain by Sigmund (9 damage)
             ... on level 2 of the Dungeon.
             The game lasted 00:03:31 (2702 turns).

Zonian the Conjurer (Vine Stalker Conjurer)         Turns: 2702, Time: 00:03:32

Health: 0/21       AC:  3    Str: 10    XL:     4   Next: 44%
Magic:  0/9        EV: 11    Int: 18    God:
Gold:   48         SH:  3    Dex: 13    Spells: 5/8 levels left

rFire    . . .     SeeInvis .   f - +0 dagger (speed)
rCold    . . .     Faith    .   h - +0 buckler
rNeg     . . .     Spirit   +   a - +0 robe
rPois    .         Reflect  .   l - +0 helmet
rElec    .         Harm     .   (no cloak)
rCorr    .         Rampage  .   (no gloves)
Will     .....                  (no boots)
Stlth    ++........             (no amulet)
HPRegen  1.07/turn              (no ring)
MPRegen  0.11/turn              (no ring)

@: no status effects
A: fangs 2, regeneration 1, magic shield, antimagic bite, no potion heal 2
a: no special abilities


You were on level 2 of the Dungeon.
You visited 1 branch of the dungeon, and saw 2 of its levels.

You collected 48 gold pieces.

Inventory:

Hand Weapons
 b - a +0 dagger
 f - a +0 dagger of speed (weapon)
 g - a +1 dagger of flaming
Missiles
 c - 16 poisoned darts
Armour
 a - a +0 robe (worn)
 h - a +0 buckler (worn)
 l - a +0 helmet (worn)
Wands
 i - a wand of charming (9)
Scrolls
 d - a scroll of fear {unknown}
 e - a scroll of identify {unknown}
Potions
 j - a potion of degeneration {unknown}
 k - a potion of heal wounds {unknown}


   Skills:
 + Level 0.7 Fighting
 + Level 0.3 Short Blades
 + Level 1.8 Dodging
 + Level 2.7 Stealth
 * Level 0.4 Shields
 + Level 2.7 Spellcasting
 + Level 4.9 Conjurations


You had 5 spell levels left.
You knew the following spells:

 Your Spells              Type           Power      Damage    Failure   Level
a - Magic Dart            Conj           80%        1d7       3%          1
b - Searing Ray           Conj           40%        3d4       4%          2

Your spell library contained the following spells:

 Spells                   Type           Power      Damage    Failure   Level
 Dazzling Flash           Conj/Hex       22%        N/A       28%         3
 Fulminant Prism          Conj/Hex       5%         3d7       67%         4
 Iskenderun's Mystic Bla  Conj/Tloc      11%        2d4       67%         4


Dungeon Overview and Level Annotations

Branches:
Dungeon (2/15)

Altars:

Annotations:
D:2 Sigmund


Innate Abilities, Weirdness & Mutations

You have extremely sharp teeth.
Your natural rate of healing is unusually fast.
When hurt, damage is shared between your health and your magic reserves.
Your bite disrupts and absorbs the magic of your enemies.
Potions cannot restore your health.


Message History

Items here: ))))))) ÷.
There is a stone staircase leading up, spattered with blood here.
There is a stone staircase leading up, spattered with blood here.
Items here: ))))))) ÷.
Sigmund shouts!
Throw: 17 darts (poison)
Press: ? - help, Q - select action, (/) - cycle Shift-Dir - straight line, f - Sigmund
Aim: Sigmund, wielding a +0 scythe and wearing a +0 robe (52% to hit)
You throw a poisoned dart.
The poisoned dart closely misses Sigmund.
Sigmund's eyes start glowing with a red light.
Sigmund hits you from afar with a +0 scythe!
Casting: Magic Dart (safe; 3% risk of failure)
Confirm with . or Enter, or press ? or * to list all spells.
Aiming: Searing Ray (safe; 4% risk of failure)
Press: ? - help, Shift-Dir - straight line, f/p - Sigmund
Aim: Sigmund, wielding a +0 scythe and wearing a +0 robe (75% to hit)
The searing ray misses Sigmund. (Press . to maintain the ray.) Sigmund misses you.
Unknown command.
The searing ray hits Sigmund.
Sigmund is lightly wounded.
Sigmund gestures wildly while chanting.
Sigmund flickers and vanishes!
Deactivating autopickup; reactivate with Ctrl-A.
Unknown command.
Something hits you!
Ouch! That really hurt!
Unknown command.
The searing ray hits something.
You finish channeling your searing ray.
You hear some strange, mumbled words.
Something tries to affect you, but you resist.
Unknown command.
Casting: Searing Ray (safe; 4% risk of failure)
Confirm with . or Enter, or press ? or * to list all spells.
You don't have enough magic to cast this spell.
Unknown command.
Something hits you!
You die...

#.....###.......
##..#..##....)...
#.......'........
##.....##........
##..#####.......
#####.######.....#
#.........###...##
#.###.###.# ##'##
#@# #.# #<# #.#
#{# #.###)####.###
#.# #........#.##.
#.# #####.##....#.
#.# #.##......
#.#######.##......
#(........##.#..#.
############......
####...


There were no monsters in sight!

Vanquished Creatures
  Robin (D:2)
  A gnoll (D:1)
  2 dart slugs (D:2)
  An orc (D:2)
  2 ball pythons
  2 bats (D:2)
  3 endoplasms (D:2)
  A giant cockroach (D:2)
  10 goblins
  4 hobgoblins
  6 jackals
  2 kobolds
  5 quokkas
  3 frilled lizards
  6 rats
49 creatures vanquished.

Vanquished Creatures (others)
  A fungus (D:2)
1 creature vanquished.

Grand Total: 50 creatures vanquished

Notes
Turn   | Place    | Note
-------+----------+-------------------------------------------
     0 | D:1      | Zonian the Vine Stalker Conjurer began the quest for the
                  | Orb.
     0 | D:1      | Reached XP level 1. HP: 9/9 MP: 4/4
   257 | D:1      | Reached XP level 2. HP: 13/13 MP: 4/6
   268 | D:1      | Learned a level 2 spell: Searing Ray
   757 | D:1      | Reached XP level 3. HP: 16/16 MP: 2/7
  2059 | D:2      | Found a faded altar of an unknown god.
  2205 | D:2      | Gained mutation: Your natural rate of healing is unusually
                  | fast. [Vine Stalker growth]
  2205 | D:2      | Reached XP level 4. HP: 17/21 MP: 6/8
  2221 | D:2      | Noticed Robin
  2339 | D:2      | Killed Robin
  2655 | D:2      | Noticed Sigmund
  2702 | D:2      | Slain by Sigmund

Illustrated notes

Levels and vault maps discovered:
D:1:      saegor_arrival_under_anarchy, layout_rooms
D:2:      layout_loops_corners, dreamdust_ecumenical_altar_statues,
          chequers_serial_rivers_marsh, grunt_ministairs_9,
          uniq_crazy_yiuf_cottage, uniq_robin, uniq_sigmund

Action                   |  1- 3 |  4- 6 || total
-------------------------+-------+-------++-------
Melee: Unarmed           |     7 |       ||     7
       Bite              |    11 |     7 ||    18
       Dagger            |    43 |    30 ||    73
Throw: Dart              |       |     1 ||     1
 Cast: Magic Dart        |    66 |    11 ||    77
       Searing Ray       |       |     1 ||     1
Armor: Robe              |    16 |       ||    16
Dodge: Dodged            |    36 |     8 ||    44
Block: Buckler           |       |     2 ||     2

Table legend: (Time is in decaauts)
 A = Elapsed time spent in this place.
 B = Non-inter-level travel time spent in this place.
 C = Inter-level travel time spent in this place.
 D = Time resting spent in this place.
 E = Time spent auto-exploring this place.
 F = Levels seen in this place.
 G = Mean time per level.
                   A        B        C        D        E       F      G
               +--------+--------+--------+--------+--------+-----+--------+
         Total |   2687 |   2671 |     16 |   1083 |   1235 |   2 | 1343.5 |
       Dungeon |   2687 |   2671 |     16 |   1083 |   1235 |   2 | 1343.5 |
               +--------+--------+--------+--------+--------+-----+--------+

Top non-repeatable levels by time:
     D:2: 1428 daAuts
     D:1: 1259 daAuts
